 Dungeon Crawl Stone Soup version 0.21.1-1-g345015fe64 (webtiles) character file.

47849 Oravi the Martial Artist (level 14, 0/111 HPs)
             Began as a Merfolk Transmuter on May 10, 2018.
             Was the Champion of Okawaru.
             Slain by a lindwurm (8 damage)
             ... on level 5 of the Lair of Beasts on May 11, 2018.
             The game lasted 02:07:56 (25111 turns).

Oravi the Martial Artist (Merfolk Transmuter)      Turns: 25111, Time: 02:07:57

Health: 0/111      AC:  4    Str: 11    XL:     14   Next: 43%
Magic:  36/36      EV:  5    Int: 16    God:    Okawaru [******]
Gold:   1005       SH:  0    Dex: 20    Spells: 9/31 levels left

rFire    . . .     SeeInvis .     - Unarmed
rCold    . . .     Gourm    .   (shield currently unavailable)
rNeg     + + +     Faith    .   (armour currently unavailable) rPois โˆž Spirit .
                                (helmet currently unavailable)
rElec    .         Reflect  .   (cloak currently unavailable)
rCorr    .         Harm     .   (gloves currently unavailable)
MR       +....                  (boots currently unavailable)
Stlth    ++........             A - amulet of magic regeneration
HPRegen  0.28/turn              F - +2 ring of protection
MPRegen  0.50/turn              B - ring of magical power

@: spider-form, petrified
A: tiny, (change form in water), (swift swim), (stealthy swim)
a: End Transformation, Heroism, Finesse, Renounce Religion


You were on level 5 of the Lair of Beasts.
You worshipped Okawaru.
Okawaru was exalted by your worship.
You were hungry.
You were a venomous arachnid creature.
You visited 3 branches of the dungeon, and saw 21 of its levels.

You collected 1005 gold pieces.

Inventory:

Hand Weapons
 i - the +1 halberd of the Eternal Warrior (melded) {elec, rF- Int+5 Dex+5}
   (You took it off a big kobold on level 9 of the Dungeon)

   Occasionally, upon striking a foe, it will discharge some electrical energy
   and cause terrible harm.
   It affects your intelligence (+5).
   It affects your dexterity (+5).
   It makes you vulnerable to fire.
 n - a +3 demon trident
Missiles
 a - 238 arrows
Armour
 b - a +2 helmet (melded)
 f - a +0 buckler
 z - a +2 robe of cold resistance (melded)
 P - a +2 cloak (melded)
 W - a scarf of cloud immunity
Magical Staves
 V - an uncursed staff of cold
Jewellery
 c - an uncursed amulet of harm {unknown}
 g - an uncursed ring of resist corrosion
 p - an uncursed ring of flight
 A - an amulet of magic regeneration (around neck)
 B - a ring of magical power (right front leg)
 F - a +2 ring of protection (left front leg)
 T - an uncursed amulet of the gourmand {unknown}
 Y - an uncursed ring of stealth
Wands
 r - a wand of digging (21)
 w - a wand of polymorph (7)
 E - a wand of disintegration (53)
 H - a wand of iceblast (9)
 K - a wand of random effects (113)
 Q - a wand of flame (13)
 X - a wand of scattershot (11)
Scrolls
 o - 11 scrolls of teleportation
 v - 6 scrolls of remove curse
 D - 5 scrolls of fog
 L - 2 scrolls of blinking
 N - a scroll of magic mapping
 R - 2 scrolls of fear
Potions
 e - a potion of ambrosia
 h - a potion of flight
 j - a potion of brilliance
 k - 10 potions of haste
 l - 2 potions of agility
 q - 3 potions of invisibility
 s - 2 potions of heal wounds
 x - 2 potions of resistance
 I - 2 potions of cancellation
 J - 3 potions of might
 M - a potion of magic {unknown}
 Z - 2 potions of curing
Comestibles
 d - 45 rations
 m - 3 chunks of flesh


   Skills:
 - Level 10.4 Fighting
 - Level 12.2 Dodging
 - Level 14.0 Unarmed Combat
 - Level 9.0 Spellcasting
 + Level 12.3 Transmutations
 + Level 8.8 Earth Magic


You had 9 spell levels left.
You knew the following spells:

 Your Spells              Type           Power        Failure   Level  Hunger
a - Spider Form           Tmut/Pois      ####......   9%          3    #......
b - Sticks to Snakes      Tmut           #####...     1%          2    None
c - Ice Form              Ice/Tmut       ####....     21%         4    ###....
d - Blade Hands           Tmut           #####.....   7%          5    #####..
e - Blink                 Tloc           N/A          34%         2    None
f - Statue Form           Tmut/Erth      #####....    41%         6    ######.


Dungeon Overview and Level Annotations

Branches:
Dungeon (15/15)            Temple (1/1) D:7            Lair (5/6) D:11
  Swamp (0/4) Lair:3        Snake (0/4) Lair:2          Orc (0/2) D:9
  Slime: Lair:5-6    Vaults: D:13-14     Depths: D:15

Altars:
Ashenzari
Elyvilon
Fedhas
Gozag
Hepliaklqana
Makhleb
Nemelex Xobeh
Okawaru
Qazlal
Sif Muna
Trog
Vehumet
Wu Jian
Xom
Zin
The Shining One

Shops:
D:4 [

Annotations:
D:10 2 runed doors
D:14 exclusion: 3 doors


Message History

The lindwurm claws you.
The lindwurm claws you but does no damage.
You are engulfed in calcifying dust.
The catoblepas breathes a plume of calcifying dust at you.
The blast of calcifying dust hits you!
* * * LOW HITPOINT WARNING * * *
The lindwurm bites you!
* * * LOW HITPOINT WARNING * * *
The lindwurm claws you but does no damage. x2
You are engulfed in calcifying dust.
The catoblepas gores you.
* * * LOW HITPOINT WARNING * * *
The lindwurm bites you!
* * * LOW HITPOINT WARNING * * *
The lindwurm claws you but does no damage.
The lindwurm claws you.
* * * LOW HITPOINT WARNING * * *
You are engulfed in calcifying dust.
The catoblepas gores you!!
* * * LOW HITPOINT WARNING * * *
The lindwurm bites you!
You die...

#...........#.
#P..##โ‰ˆ..#...
##..###.......
#..# (.#....
#..## .......
#..โ‰ˆ##..#...
# ##ยง........
#..#Y#.....#.
#FFs#....#
#[.k####P##
#.$#. ## ### .
##


You could see a catoblepas, a lindwurm and 2 spiny frogs.

Vanquished Creatures
  Gastronok (D:9)
  Roxanne (D:14)
  Fannar (Lair:1)
  3 hydras
  A catoblepas (D:13)
  A centaur warrior (D:11)
  5 two-headed ogres
  The ghost of Cral the Fighter, a novice DsNe of Kikubaaqudgha (D:9)
  Urug (Lair:5)
  An unseen horror (D:9)
  A wizard (D:14)
  A wolf spider zombie (D:14)
  A deep elf mage (D:14)
  2 cyclopes (D:14)
  2 ugly things
  A manticore (D:13)
  A black mamba (Lair:2)
  A rime drake (Lair:1)
  A yaktaur (D:15)
  A gargoyle (D:13)
  6 spiny frogs
  7 komodo dragons
  A tyrant leech (Lair:3)
  A queen bee (Lair:1)
  4 trolls
  6 blink frogs (Lair:4)
  2 dream sheep (D:9)
  4 hippogriffs
  A centaur simulacrum (D:14)
  3 shadows
  42 yaks
  10 humans (D:14)
  A vampire (D:9)
  4 wyverns
  3 hungry ghosts
  A steam dragon (D:8)
  6 nagas (Lair:2)
  A swamp worm (Lair:3)
  2 hell hounds (D:11)
  2 acid dragons
  2 two-headed ogre zombies (D:9)
  6 water moccasins
  A floating eye (D:9)
  8 porcupines
  The ghost of PikkenKukken the Ruffian, an amateur TrMo of Makhleb (D:3)
  3 ice beasts
  3 orc warriors
  2 sky beasts
  A hornet zombie (D:8)
  3 black bears
  4 necrophages
  7 ogres
  2 eyes of draining (D:13)
  5 phantoms
  7 wolves
  8 centaurs
  11 crocodiles
  8 big kobolds
  13 bullfrogs
  A gnoll sergeant (D:5)
  6 scorpions
  43 killer bees
  3 troll zombies (D:9)
  8 wights
  6 howler monkeys
  6 crimson imps
  2 bullfrog zombies
  5 centaur zombies
  7 hounds
  12 orc wizards
  2 bullfrog skeletons
  4 orc priests
  5 jellies
  2 centaur skeletons
  6 iguanas
  13 worker ants
  3 ogre zombies (D:9)
  2 worker ant zombies
  5 gnolls (D:5)
  13 adders
  A howler monkey skeleton (D:9)
  3 shadow imps
  An adder skeleton (D:4)
  3 adder zombies
  3 worms
  2 dart slugs
  5 leopard geckos
  44 orcs
  5 giant cockroaches
  9 goblins
  8 hobgoblins
  21 jackals
  9 quokkas
  2 ball pythons
  12 bats
  6 frilled lizards
  A goblin zombie (D:9)
  3 hobgoblin zombies (D:9)
  30 kobolds
  4 orc skeletons (D:9)
  17 orc zombies (D:9)
  8 rats
581 creatures vanquished.

Vanquished Creatures (collateral kills)
  A hydra (D:12)
  Erica (Lair:1)
  A komodo dragon (Lair:1)
  2 blink frogs (Lair:4)
  A hog (shapeshifter) (D:14)
  A bullfrog (Lair:1)
  A hound (D:12)
  A butterfly (Lair:4)
  A fungus (Lair:4)
  A plant (Lair:4)
11 creatures vanquished.

Vanquished Creatures (others)
  A fungus (Lair:4)
  5 plants
6 creatures vanquished.

Grand Total: 598 creatures vanquished

Notes
Turn   | Place    | Note
-------+----------+-------------------------------------------
     0 | D:1      | Oravi the Merfolk Transmuter began the quest for the Orb.
     0 | D:1      | Reached XP level 1. HP: 15/15 MP: 3/3
    86 | D:1      | Reached XP level 2. HP: 12/21 MP: 5/5
   602 | D:1      | You fall through a shaft!
   637 | D:2      | Reached skill level 4 in Unarmed Combat
   637 | D:2      | Reached XP level 3. HP: 22/26 MP: 4/6
   641 | D:2      | Learned a level 2 spell: Sticks to Snakes
   645 | D:2      | Learned a level 3 spell: Spider Form
   734 | D:2      | Found a bloodstained altar of Trog.
  1083 | D:2      | Reached XP level 4. HP: 27/32 MP: 2/7
  1568 | D:2      | Found a radiant altar of Vehumet.
  2303 | D:3      | Noticed PikkenKukken's ghost (amateur TrMo)
  2714 | D:3      | Reached XP level 5. HP: 37/37 MP: 4/8
  2815 | D:3      | Noticed a sky beast
  2826 | D:3      | Killed a sky beast
  2826 | D:3      | Reached skill level 5 in Transmutations
  3374 | D:3      | Killed PikkenKukken's ghost
  3374 | D:3      | Reached skill level 5 in Unarmed Combat
  3374 | D:3      | Reached XP level 6. HP: 32/46 MP: 2/10
  3733 | D:3      | Reached XP level 7. HP: 19/51 MP: 11/11
  4002 | D:4      | Found Wipnus's Armour Shop.
  4444 | D:5      | Entered Level 5 of the Dungeon
  4455 | D:5      | Reached skill level 6 in Unarmed Combat
  4745 | D:5      | Found a blossoming altar of Fedhas.
  4845 | D:5      | Reached XP level 8. HP: 48/58 MP: 8/13
  4893 | D:4      | Reached skill level 5 in Dodging
  5707 | D:6      | Reached skill level 7 in Unarmed Combat
  6006 | D:6      | Learned a level 4 spell: Ice Form
  6012 | D:6      | Learned a level 5 spell: Blade Hands
  6221 | D:6      | Reached XP level 9. HP: 48/66 MP: 12/15
  6787 | D:7      | Reached skill level 8 in Unarmed Combat
  6824 | D:7      | Reached skill level 5 in Fighting
  7129 | D:7      | Found a white marble altar of Elyvilon.
  7136 | D:7      | Found a shimmering altar of Xom.
  7379 | D:7      | Found a staircase to the Ecumenical Temple.
  7384 | Temple   | Entered the Ecumenical Temple
  7439 | Temple   | Became a worshipper of Warmaster Okawaru
  7927 | D:8      | Noticed a two-headed ogre
  7998 | D:7      | Killed a two-headed ogre
  7998 | D:7      | Reached * piety under Okawaru
  7998 | D:7      | Reached skill level 9 in Unarmed Combat
  7998 | D:7      | Reached skill level 5 in Spellcasting
  8550 | D:8      | Reached XP level 10. HP: 65/76 MP: 14/17
  8962 | D:8      | Found a shattered altar of Ashenzari.
  9243 | D:8      | Reached ** piety under Okawaru
  9736 | D:9      | Found a staircase to the Orcish Mines.
  9786 | D:9      | Reached skill level 10 in Unarmed Combat
  9862 | D:9      | Noticed a two-headed ogre
  9878 | D:9      | Killed a two-headed ogre
  9878 | D:9      | Reached *** piety under Okawaru
 10369 | D:9      | Learned a level 2 spell: Blink
 10967 | D:9      | Noticed a two-headed hydra
 10979 | D:9      | Killed an unseen horror
 10979 | D:9      | Reached XP level 11. HP: 11/84 MP: 20/20
 11538 | D:9      | Reached skill level 11 in Unarmed Combat
 11554 | D:9      | Reached **** piety under Okawaru
 11670 | D:9      | Noticed Cral's ghost (novice DsNe)
 11685 | D:9      | Killed Cral's ghost
 11685 | D:9      | Reached skill level 10 in Transmutations
 11885 | D:9      | Noticed Gastronok
 12379 | D:9      | Killed a two-headed hydra
 12382 | D:9      | Paralysed by a floating eye for 4 turns
 12393 | D:9      | Paralysed by a floating eye for 3 turns
 12398 | D:9      | Paralysed by a floating eye for 2 turns
 12645 | D:9      | Got a transparent halberd {elec}
 13108 | D:9      | Killed Gastronok
 13108 | D:9      | Reached ***** piety under Okawaru
 13175 | D:10     | Entered Level 10 of the Dungeon
 13303 | D:10     | Noticed a two-headed ogre
 13311 | D:10     | Killed a two-headed ogre
 13311 | D:10     | Reached skill level 10 in Dodging
 13311 | D:10     | Reached skill level 12 in Unarmed Combat
 13507 | D:10     | Reached XP level 12. HP: 66/94 MP: 22/22
 14169 | D:10     | Found a runed door.
 14341 | D:10     | Found a runed door.
 14545 | D:11     | Noticed a two-headed ogre
 14562 | D:11     | Killed a two-headed ogre
 14767 | D:11     | Found a staircase to the Lair.
 14780 | D:11     | Noticed a centaur warrior
 14788 | D:11     | Killed a centaur warrior
 15257 | D:11     | Received a gift from Okawaru
 15579 | D:12     | Noticed a six-headed hydra
 15599 | D:12     | Killed a six-headed hydra
 15599 | D:12     | Reached skill level 13 in Unarmed Combat
 15957 | D:13     | Noticed a catoblepas
 16308 | D:12     | Reached ****** piety under Okawaru
 16894 | D:13     | Killed a catoblepas
 16894 | D:13     | Received a gift from Okawaru
 17268 | D:13     | Identified the cursed +1 halberd of the Eternal Warrior {elec, rF- Int+5 Dex+5} (You took it off a big kobold on level 9 of the Dungeon)
 17375 | D:14     | Noticed Roxanne
 17450 | D:14     | Reached XP level 13. HP: 102/103 MP: 25/25
 17664 | D:14     | Reached skill level 10 in Fighting
 17664 | D:14     | Reached skill level 14 in Unarmed Combat
 17808 | D:14     | Received a gift from Okawaru
 18283 | D:14     | Killed Roxanne
 18285 | D:14     | Identified Roxanne's Guide on the Mountains (You took it off Roxanne on level 14 of the Dungeon)
 18298 | D:14     | Learned a level 6 spell: Statue Form
 18339 | D:14     | Reached skill level 1 in Earth Magic
 18608 | D:15     | Entered Level 15 of the Dungeon
 18729 | Lair:1   | Entered Level 1 of the Lair of Beasts
 18732 | Lair:1   | Found a shattered altar of Ashenzari.
 18791 | Lair:1   | Noticed Erica
 18803 | Lair:1   | Killed Erica
 19728 | Lair:1   | Reached skill level 5 in Earth Magic
 20079 | Lair:1   | Noticed Fannar
 20096 | Lair:1   | Killed Fannar
 20791 | Lair:2   | Reached XP level 14. HP: 79/111 MP: 27/27
 21185 | Lair:2   | Received a gift from Okawaru
 21187 | Lair:2   | Found a staircase to the Snake Pit.
 21922 | Lair:3   | Found a glowing golden altar of the Shining One.
 22203 | Lair:3   | Got an encrusted helmet
 22204 | Lair:3   | Identified the +1 helmet of the Blue Moon {+Blink} (You found it on level 3 of the Lair of Beasts)
 22386 | Lair:3   | Found a staircase to the Swamp.
 24515 | Lair:5   | Noticed Urug
 24857 | Lair:5   | Killed Urug
 25111 | Lair:5   | Slain by a lindwurm

Skill      XL: |  1  2  3  4  5  6  7  8  9 10 11 12 13 14 |
---------------+-------------------------------------------+-----
Transmutations | 3 4 5 6 7 8 9 10 11 12 | 12.3
Unarmed Combat | 4 5 6 7 9 10 12 13 14 | 14.0
Dodging        | 3 4 6 7 8 10 11 12 | 12.2
Fighting       | 2 3 4 6 7 8 9 10 | 10.4
Spellcasting   | 3 4 5 6 7 8 9 |  9.0
Earth Magic    | 7 8 |  8.8

Action                   |  1- 3 |  4- 6 |  7- 9 | 10-12 | 13-15 || total
-------------------------+-------+-------+-------+-------+-------++-------
Melee: Unarmed           |   120 |   182 |   329 |   793 |   624 ||  2048
       Headbutt          |    15 |     1 |       |       |       ||    16
       Punch             |     1 |       |       |     7 |     3 ||    11
       Staff             |       |       |       |     8 |       ||     8
       Halberd           |       |       |       |       |     2 ||     2
 Cast: Beastly Appendage |    13 |     1 |       |       |       ||    14
       Spider Form       |     5 |    26 |    54 |    80 |    40 ||   205
       Sticks to Snakes  |       |     2 |       |    43 |    47 ||    92
       Blink             |       |       |       |     2 |       ||     2
       Blade Hands       |       |       |       |    16 |    15 ||    31
       Ice Form          |       |       |       |     1 |     1 ||     2
Invok: Heroism           |       |       |       |    15 |     6 ||    21
 Abil: End Transformatio |       |       |       |     2 |     1 ||     3
  Use: Scroll            |       |    10 |       |    19 |     5 ||    34
       Potion            |       |       |     2 |     3 |       ||     5
 Stab: Distracted        |     1 |       |       |       |     3 ||     4
       Sleeping          |       |     1 |       |       |     2 ||     3
  Eat: Chunk             |     2 |    13 |    21 |    29 |    25 ||    90
       Ration            |       |       |       |     3 |     1 ||     4
Armor: Robe              |    31 |    10 |     4 |    21 |    19 ||    85
       Skin              |       |    11 |     9 |    28 |    15 ||    63
Dodge: Dodged            |   121 |   120 |   262 |   742 |   594 ||  1839
